 Dungeon Crawl Stone Soup version 0.30.0-3-ga4e48a9924 (webtiles) character file.

Game seed: 9113371036807517022

93 LustLizard the Digger (level 4, -3/25 HPs)
             Began as a Gargoyle Earth Elementalist on May 8, 2023.
             Slain by an orc
             ... wielding a +0 short sword
              (4 damage)
             ... on level 3 of the Dungeon.
             The game lasted 00:02:48 (2587 turns).

LustLizard the Digger (Gargoyle Earth Elementalist) Turns: 2587, Time: 00:02:48

Health: -3/25      AC:  7    Str: 12    XL:     4   Next: 61%
Magic:  2/7        EV: 11    Int: 17    God:
Gold:   119        SH:  0    Dex: 10    Spells: 4/8 levels left

rFire   . . .        d - +0 club
rCold   . . .        (no shield)
rNeg    + . .        j - +0 leather armour
rPois   ∞            (no helmet)
rElec   +            (no cloak)
rCorr   .            (no gloves)
SInv    .            f - +0 pair of boots
Will    .....        (no amulet)
Stlth   ++           (no ring)
HPRegen 0.24/turn    (no ring)
MPRegen 0.10/turn

%: no passive effects
@: no status effects
A: sickness immunity, AC +3, negative energy resistance 1, electricity
resistance, torment resistance 1, petrification resistance
a: no special abilities


You were on level 3 of the Dungeon.
You visited 1 branch of the dungeon, and saw 3 of its levels.

You collected 119 gold pieces.

Inventory:

Hand Weapons
 d - a +0 club (weapon)
Armour
 a - a +0 robe
 f - a +0 pair of boots (worn)
 j - a +0 leather armour (worn)
Jewellery
 s - an amulet of guardian spirit
Wands
 p - a wand of polymorph (10)
 t - a wand of roots (10)
Scrolls
 e - a scroll of amnesia {unknown}
 h - 3 scrolls of teleportation {unknown}
 n - a scroll of identify {unknown}
 q - a scroll of brand weapon {unknown}
 r - a scroll of enchant weapon {unknown}
Potions
 b - a potion of magic
 c - a potion of haste {unknown}
 g - 3 potions of lignification {unknown}
 i - a potion of flight {unknown}
 k - a potion of curing {unknown}
 l - a potion of heal wounds {unknown}
 m - a potion of attraction {unknown}
 o - a potion of brilliance {unknown}


   Skills:
 + Level 1.4 Fighting
 - Level 1.5 Dodging
 + Level 2.9 Stealth
 + Level 2.5 Spellcasting
 * Level 1.6 Conjurations
 - Level 0.7 Transmutations
 * Level 4.7 Earth Magic


You had 4 spell levels left.
You knew the following spells:

 Your Spells              Type           Power      Damage    Failure   Level
a - Sandblast             Erth           36%        2d10      3%          1
b - Stone Arrow           Conj/Erth      26%        3d8       19%         3

Your spell library contained the following spells:

 Spells                   Type           Power      Damage    Failure   Level
 Passwall                 Tmut/Erth      9%         N/A       12%         2
 Petrify                  Tmut/Erth      11%        N/A       58%         4


Dungeon Overview and Level Annotations

Branches:
Dungeon (3/15)

Altars:

Annotations:
D:2 Sigmund


Innate Abilities, Weirdness & Mutations

You are immune to sickness and miasma.
Your stone body is resilient. (AC +3)
You are immune to poison.
You resist negative energy. (rN+)
You are resistant to electric shocks. (rElec)
You are resistant to unholy torment.
You are immune to petrification.


Message History

The blast of sand hits the orc but does no damage.
The orc hits you but does no damage.
An orc comes into view. It is wielding a +0 short sword.
The blast of sand hits the orc.
The orc is almost dead.
The endoplasm misses you. The orc barely misses you.
The blast of sand hits the orc.
You kill the orc!
The endoplasm closely misses you. The orc barely misses you.
The endoplasm hits you but does no damage.
The blast of sand hits the orc.
The orc is heavily wounded.
The endoplasm hits you but does no damage.
A kobold comes into view. It is wielding a +0 dagger.
The orc closely misses you. x2
The blast of sand hits the orc.
The orc is heavily wounded.
The kobold shouts!
The endoplasm freezes you.
You are frozen.
The orc barely misses you. The orc hits you but does no damage.
The orc hits you with a +0 flail!
The endoplasm hits you but does no damage.
The orc barely misses you.
You hit the orc.
You kill the orc!
The endoplasm hits you but does no damage.
The orc hits you with a +0 flail!
* * * LOW HITPOINT WARNING * * *
Unknown command.
You closely miss the orc.
The endoplasm hits you but does no damage.
The orc barely misses you. The orc hits you but does no damage.
Unknown command.
You hit the orc.
The orc is lightly wounded.
The endoplasm freezes you.
You are frozen.
* * * LOW HITPOINT WARNING * * *
The orc hits you with a +0 short sword.
You die...

#....... #.###### #>
#.# #. #.#### #.#
#....# #..#
########†...### #.).
...............
###.#J##########..[.###
#...Ko@#............#
#....#o#.########...#
#... #...# ##### #..
##..# #. ....# #
..##... ... ###.. ..
##. # ..


You could see 2 orcs, an endoplasm and a kobold.

Vanquished Creatures
  3 adders (D:2)
  A worm (D:2)
  A dart slug (D:1)
  3 orcs (D:3)
  2 ball pythons
  6 bats
  3 endoplasms
  3 giant cockroaches (D:1)
  9 goblins
  6 hobgoblins
  3 jackals (D:2)
  3 quokkas
  2 frilled lizards
  2 kobolds (D:2)
  7 rats
54 creatures vanquished.

Vanquished Creatures (others)
  8 plants (D:2)
8 creatures vanquished.

Grand Total: 62 creatures vanquished

Notes
Turn   | Place    | Note
-------+----------+-------------------------------------------
     0 | D:1      | LustLizard the Gargoyle Earth Elementalist began the quest
                  | for the Orb.
     0 | D:1      | Reached XP level 1. HP: 10/10 MP: 3/3
   154 | D:1      | Reached XP level 2. HP: 16/16 MP: 3/5
   269 | D:1      | Reached skill level 4 in Earth Magic
  1016 | D:1      | Reached skill level 1 in Fighting
  1134 | D:2      | Reached XP level 3. HP: 20/20 MP: 3/6
  1138 | D:2      | Learned a level 3 spell: Stone Arrow
  1395 | D:2      | Reached skill level 1 in Conjurations
  1551 | D:2      | Found a faded altar of an unknown god.
  1556 | D:2      | Reached XP level 4. HP: 25/25 MP: 5/7
  1887 | D:2      | Noticed Sigmund
  2587 | D:3      | HP: 1/25 [frozen (5)]
  2587 | D:3      | Slain by an orc

Illustrated notes

Levels and vault maps discovered:
D:1:      minmay_arrival_pointy, layout_basic
D:2:      layout_basic, nicolae_ecumenical_snake_handling, serial_forest,
          infiniplex_forest_diagonal, infiniplex_forest_lined_3,
          infiniplex_forest_straight_3, infiniplex_forest_clump_medium,
          infiniplex_forest_clump_cross, infiniplex_forest_straight_3,
          infiniplex_forest_end_3, infiniplex_forest_straight_2,
          infiniplex_forest_end_2, infiniplex_forest_lined_2,
          minmay_misc_feat_x, st_stairs_12, minmay_pentomino_pile, uniq_sigmund
D:3:      layout_basic, nicolae_sif_muna_condensation,
          gammafunk_ghost_mausoleum, uniq_pargi

Skill      XL: |  1  2  3 |
---------------+----------+-----
Earth Magic    | 4 |  4.7
Fighting       | 1 |  1.4
Conjurations   | 1 |  1.6
Dodging        | |  1.5
Stealth        | |  2.9
Spellcasting   | |  2.5
Transmutations | |  0.7

Action                     |  1- 3 |  4- 6 || total
---------------------------+-------+-------++-------
  Melee: Unarmed           |     6 |       ||     6
         Club              |    11 |     3 ||    14
   Cast: Sandblast         |    43 |    27 ||    70
 Armour: Robe              |     9 |       ||     9
         Leather armour    |       |    12 ||    12
  Dodge: Dodged            |    15 |    12 ||    27
